Map: Port Aleksander LE

Players

Jamasman

  • Race: Zerg Zerg
  • League: Diamond
  • Spawn Location: 11:00

ViolentVik - Winner!

  • Race: Zerg Zerg
  • League: Diamond
  • Spawn Location: 5:00

VOD

Have the link to the VOD?

Description

Time

  • Played on: April 14, 2019, 11:02 a.m.
  • Length: 7:09
Show
View Real Time Build Order
Export as new Build Order

Jamasman Zerg 

Build Orders: Hatch First 

Get SALT Encoding   

  12  0:01  Drone  
  13  0:15  Overlord  
  13  0:18  Drone  
  14  0:33  Drone x2  
  16  0:37  Drone  
  17  0:57  Hatchery  
  17  1:00  Drone  
  17  1:02  Drone  
  18  1:13  Overlord  
  18  1:23  Drone  
  19  1:28  Extractor  
  19  1:31  Drone  
  19  1:37  Spawning Pool  
  18  1:42  Drone  
  19  1:54  Drone  
  20  2:04  Drone  
  21  2:16  Drone  
  22  2:25  Queen  
  22  2:26  Queen  
  22  2:27  Zergling x4  
  22  2:29  Drone  
  29  2:30  Drone  
  29  2:32  Metabolic Boost  
  29  2:36  Drone  
  31  2:53  Baneling Nest  
  31  2:54  Drone x3  
  31  2:57  Drone  
  34  3:09  Evolution Chamber  
  34  3:10  Drone  
  34  3:11  Hatchery  
  32  3:22  Drone x3  
  34  3:37  Spine Crawler  
  34  3:38  Zergling x6  
  34  3:40  Overlord x2  
  36  3:53  Spine Crawler  
  36  3:55  Zergling x2  
  36  3:57  Queen  
  38  4:05  Zergling x10  
  40  4:19  Zergling x8  
  40  4:20  Zergling x2  
  26  4:43  Zergling x12  
  30  4:56  Drone  
  30  4:57  Drone  
  30  4:58  Drone x3  
  35  5:05  Drone  
  36  5:09  Baneling x3  
  31  5:26  Drone x6  
  31  5:45  Queen x2  
  31  5:46  Overlord  
  35  5:52  Zergling x6  
  38  6:01  Drone  
  38  6:02  Drone  
  38  6:03  Drone x2  
  38  6:04  Drone  
  43  6:13  Baneling x4  
  43  6:14  Baneling x2  
  43  6:17  Zergling x2  
  44  6:19  Zergling x4  
  46  6:30  Zergling x14  
Show
View Real Time Build Order
Export as new Build Order

ViolentVik Zerg - Winner!

Build Orders: Hatch First 

Get SALT Encoding   

  12  0:00  Drone  
  13  0:13  Overlord  
  13  0:17  Drone  
  14  0:31  Drone x2  
  16  0:37  Drone  
  17  0:53  Hatchery  
  17  0:55  Drone  
  17  0:58  Drone  
  18  1:09  Extractor  
  17  1:14  Spawning Pool  
  17  1:17  Drone  
  17  1:20  Drone  
  18  1:31  Drone  
  19  1:43  Drone  
  20  1:51  Drone  
  21  2:02  Zergling x2  
  21  2:04  Queen  
  21  2:05  Queen  
  21  2:06  Overlord  
  26  2:10  Metabolic Boost  
  26  2:15  Drone  
  27  2:19  Drone  
  28  2:24  Drone  
  28  2:28  Drone  
  30  2:33  Zergling x2  
  31  2:42  Hatchery  
  30  2:55  Drone x3, Baneling Nest  
  30  2:57  Overlord  
  32  3:04  Drone  
  33  3:07  Queen  
  33  3:12  Zergling x2  
  36  3:23  Zergling x10  
  36  3:24  Zergling x2  
  42  3:38  Zergling x4  
  42  3:40  Overlord  
  44  3:49  Overlord  
  44  3:50  Overlord  
  44  3:53  Baneling x6  
  44  4:01  Drone  
  44  4:02  Drone x5  
  41  4:41  Zergling x12  
  41  4:42  Zergling x14  
  52  4:47  Extractor  
  52  4:50  Zergling x2, Evolution Chamber  
  52  4:51  Roach Warren, Zergling x4  
  52  4:52  Lair  
  52  4:59  Drone x3  
  55  5:01  Baneling x4  
  51  5:26  Zergling x26  
  56  5:42  Baneling  
  52  5:43  Zergling x10  
  57  5:50  Drone x2, Extractor  
  57  5:51  Drone  
  57  5:54  Drone x3  
  57  5:56  Drone  
  63  5:58  Drone  
  63  6:00  Drone  
  63  6:02  Drone  
  66  6:13  Baneling x4  
Tags
 
Add a new tag
Caveats
  • Supply blocks, unpowered buildings, or Contaminate may cause inaccurate times.
  • Supply counts are checked every 10 seconds.